 Dungeon Crawl Stone Soup version 0.30-a0-862-g1aabd4f9c5 (webtiles) character file.

Game seed: 10358217624853171534

1026 oldriver the Chopper (level 8, -3/51 HPs)
             Began as a Gargoyle Chaos Knight on Mar 8, 2023.
             Was a Plaything of Xom.
             Slain by a gnoll sergeant
             ... wielding a +5 spear of flaming
              (4 damage)
             ... on level 7 of the Dungeon.
             The game lasted 00:06:01 (4700 turns).

oldriver the Chopper (Gargoyle Chaos Knight)        Turns: 4700, Time: 00:06:02

Health: -3/51      AC: 18    Str: 17    XL:     8   Next: 23%
Magic:  17/17      EV:  9    Int: 12    God:    Xom [......]
Gold:   287        SH:  8    Dex: 13    Spells: 7/7 levels left

rFire   . . .      SeeInvis .    a - +0 hand axe (chaos)
rCold   . . .      Faith    .    v - +0 kite shield
rNeg    + . .      Spirit   .    x - +0 acid dragon scales
rPois   ∞          Reflect  .    (no helmet)
rElec   +          Rampage  .    g - +0 cloak
rCorr   +          Clarity  +    j - +2 pair of gloves
Will    .....                    p - +0 pair of boots
Stlth   +                        (no amulet)
HPRegen 0.28/turn                k - ring of magical power
MPRegen 0.15/turn                (no ring)

@: no status effects
A: sickness immunity, AC +5, negative energy resistance 1, electricity
resistance, torment resistance 1, petrification resistance, agile 1, clarity,
wild magic 1, MP-powered wands
a: Renounce Religion


You were on level 7 of the Dungeon.
You worshipped Xom.
You were a very special plaything of Xom.
You visited 1 branch of the dungeon, and saw 7 of its levels.

You collected 350 gold pieces.
You spent 63 gold pieces at shops.

Inventory:

Hand Weapons
 a - a +0 hand axe of chaos (weapon)
Missiles
 m - a throwing net
Armour
 g - a +0 cloak (worn)
 j - a +2 pair of gloves (worn)
 p - a +0 pair of boots (worn)
 v - a +0 kite shield (worn)
 x - +0 acid dragon scales (worn)
Jewellery
 k - a ring of magical power (left hand)
Wands
 q - a wand of flame (7)
 t - a wand of light (7)
 u - a wand of mindburst (16)
Scrolls
 b - a scroll of magic mapping
 n - 2 scrolls of teleportation
 w - a scroll of fear
Potions
 d - 2 potions of lignification
 e - 3 potions of brilliance
 f - 3 potions of heal wounds
 h - 4 potions of attraction
 i - 2 potions of degeneration
 l - a potion of curing
 o - a potion of might
 r - a potion of mutation {unknown}
 s - a potion of magic {unknown}
Miscellaneous
 c - a piece from Xom's chessboard (15/15) (quivered)


   Skills:
 + Level 6.2 Fighting
 * Level 6.8 Axes
 - Level 4.0 Armour
 - Level 1.0 Dodging
 + Level 2.5 Shields


You had 7 spell levels left.
You didn't know any spells.
Your spell library contained the following spells:

 Spells                   Type           Power      Damage    Failure   Level
 Apportation              Tloc           0%         N/A       86%         1
 Magic Dart               Conj           0%         1d3       86%         1
 Necrotise                Necr           0%         1d4       86%         1
 Summon Small Mammal      Summ           0%         N/A       86%         1
 Call Imp                 Summ           0%         N/A       95%         2
 Mephitic Cloud           Conj/Pois/Air  0%         N/A       99%         3
 Tukima's Dance           Hex            0%         N/A       99%         3
 Vampiric Draining        Necr           0%         2d6       99%         3
 Passage of Golubria      Tloc           0%         N/A       100%        4
 Agony                    Necr           0%         N/A       100%        5
 Yara's Violent Unravell  Hex/Tmut       0%         3d3       100%        5


Dungeon Overview and Level Annotations

Branches:
Dungeon (7/15)             Temple (0/1) D:5

Altars:
Dithmenos
Fedhas
Sif Muna
Wu Jian
Xom
The Shining One

Shops:
D:2 [

Annotations:
D:6 3 runed translucent doors, avis's ghost, novice DgIE


Innate Abilities, Weirdness & Mutations

You are immune to sickness and miasma.
Your stone body is resilient. (AC +5)
You are immune to poison.
You resist negative energy. (rN+)
You are resistant to electric shocks. (rElec)
You are resistant to unholy torment.
You are immune to petrification.
You are agile. (Dex +4, Str/Int -1)
You possess an exceptional clarity of mind.
Your spells are a little harder to cast, but a little more powerful.
You expend magic power (3 MP) to strengthen your wands.


Message History

You freeze the water moccasin. You hit the gnoll. You burn the gnoll.
You hit the gnoll sergeant but do no damage.
The gnoll hits you but does no damage.
Your crimson imp hits the gnoll.
The gnoll sergeant hits you with a +5 spear of flaming!
The gnoll sergeant burns you. You block the gnoll's attack.
The water moccasin bites you but does no damage.
You are too injured to fight recklessly!
You are too injured to fight recklessly!
Unknown command.
Unknown command.
You are too injured to fight recklessly!
You are too injured to fight recklessly!
Unknown command.
You are too injured to fight recklessly!
You slash the gnoll! You freeze the gnoll.
You kill the gnoll!
You hit the gnoll but do no damage.
You hit the gnoll sergeant but do no damage.
The gnoll sergeant seems to grow stronger.
You closely miss the water moccasin. The gnoll hits you but does no damage.
The gnoll sergeant barely misses you.
The water moccasin bites you but does no damage.
You swap places.
The gnoll hits your crimson imp with a +0 club.
Your crimson imp hits the gnoll but does no damage.
The gnoll sergeant hits you from afar with a +5 spear of flaming!
The gnoll sergeant burns you.
The water moccasin closely misses your crimson imp.
Things that are here:
a +0 whip; a gnoll corpse Something hits your crimson imp.
The centaur shoots an arrow.
The arrow hits your crimson imp!
There is a stone staircase leading up here.
Your crimson imp closely misses the water moccasin.
The gnoll sergeant hits you from afar with a +5 spear of flaming!
* * * LOW HITPOINT WARNING * * *
Xom roars with laughter!
The gnoll sergeant burns you.
You die...
Xom is highly amused!

#####..........
##..............
...............
.............. #
#.. .........
#.#..##cg......
.#.....gS.g.....
.......5####....
...#...@# .
#...........
#.............
#.......##....
......#... ...
.....##...# ..
..... #.... .
..... ......


You could see a water moccasin (slow), a gnoll sergeant (strong, poisoned), a
centaur, a gnoll (ally target) and a friendly crimson imp (summoned).

Vanquished Creatures
  Maggie (D:6)
  An ogre (D:5)
  4 scorpions
  3 hounds (D:5)
  4 iguanas
  A sleepcap (D:6)
  3 gnolls (D:7)
  10 adders
  An ufetubus (D:5)
  2 worms
  2 dart slugs
  2 orcs (D:6)
  3 ball pythons
  8 endoplasms
  4 giant cockroaches
  7 goblins
  6 hobgoblins
  8 quokkas
  4 bats
  6 frilled lizards
  6 kobolds
  5 rats
91 creatures vanquished.

Notes
Turn   | Place    | Note
-------+----------+-------------------------------------------
     0 | D:1      | oldriver the Gargoyle Chaos Knight began the quest for the
                  | Orb.
     0 | D:1      | Reached XP level 1. HP: 14/14 MP: 1/1
    54 | D:1      | Reached XP level 2. HP: 19/19 MP: 2/2
   673 | D:1      | Reached XP level 3. HP: 24/24 MP: 3/3
   701 | D:1      | XOM: noise
   874 | D:2      | Found a faded altar of an unknown god.
   967 | D:2      | Found a blossoming altar of Fedhas.
  1104 | D:2      | Reached XP level 4. HP: 29/29 MP: 4/4
  1106 | D:2      | Found Xyohupsa's Armour Boutique.
  1130 | D:2      | Bought a +0 pair of gloves for 63 gold pieces
  1783 | D:3      | XOM: 7-stop teleportation journey
  1813 | D:3      | Found a shimmering blue altar of Sif Muna.
  1871 | D:3      | Found an ornate altar of the Wu Jian Council.
  1906 | D:3      | XOM: divination: detect creatures
  2200 | D:3      | XOM is BORED!
  2200 | D:3      | XOM: summons 4 hostile shadow creatures
  2410 | D:4      | XOM: give mutations
  2410 | D:4      | Gained mutation: Your spells are a little harder to cast,
                  | but a little more powerful. [Xom's grace]
  2410 | D:4      | Gained mutation: You possess an exceptional clarity of
                  | mind. [Xom's grace]
  2410 | D:4      | Gained mutation: You are agile. (Dex +4, Str/Int -1) [Xom's
                  | grace]
  2410 | D:4      | Gained mutation: You expend magic power (3 MP) to
                  | strengthen your wands. [Xom's grace]
  2441 | D:4      | Reached XP level 5. HP: 24/33 MP: 5/5
  2591 | D:4      | Reached skill level 1 in Dodging
  2631 | D:4      | Found a shadowy altar of Dithmenos.
  3040 | D:4      | XOM: cloud trail
  3052 | D:5      | Entered Level 5 of the Dungeon
  3052 | D:5      | XOM: 1-stop teleportation journey
  3124 | D:5      | Reached XP level 6. HP: 39/39 MP: 6/6
  3143 | D:5      | XOM: confuse monster(s)
  3144 | D:5      | XOM: summons friendly quasit
  3156 | D:5      | Reached skill level 5 in Axes
  3215 | D:5      | XOM: scenery: summon butterflies
  3262 | D:4      | XOM: god gift: 6 datura-tipped darts
  3335 | D:5      | XOM: scenery: create altars
  3343 | D:5      | Reached skill level 5 in Fighting
  3417 | D:5      | Found a staircase to the Ecumenical Temple.
  3644 | D:5      | Reached XP level 7. HP: 43/44 MP: 7/7
  4108 | D:6      | Found a blossoming altar of Fedhas.
  4223 | D:6      | Noticed Maggie
  4230 | D:6      | Killed Maggie
  4231 | D:6      | Reached XP level 8. HP: 48/51 MP: 7/8
  4312 | D:6      | Found a runed translucent gate.
  4312 | D:6      | Found a runed translucent gate.
  4315 | D:6      | Found a runed translucent gate.
  4316 | D:6      | Noticed avis's ghost (novice DgIE)
  4318 | D:6      | Identified the +8 chain mail of the Dice {SInv}
  4345 | D:6      | Found a shimmering altar of Xom.
  4435 | D:6      | XOM: 1-stop teleportation journey
  4625 | D:6      | Found a glowing golden altar of the Shining One.
  4646 | D:6      | Identified the +4 plate armour of the Eternal Void {Dex+6
                  | Slay-5}
  4688 | D:7      | XOM: summons friendly crimson imp
  4689 | D:7      | XOM: blink monster(s)
  4690 | D:7      | XOM: noise
  4700 | D:7      | HP: 1/51 [gnoll sergeant/+5 spear of flaming (17)]
  4700 | D:7      | Slain by a gnoll sergeant

Illustrated notes

Levels and vault maps discovered:
D:1:      psy_arrival_statuary, layout_loops_ring
D:2:      cheibrodos_old_hovel, layout_rooms, basic_altar,
          dreamdust_ecumenical_altar_statues, serial_shops, shop,
          serial_park_tiny_2
D:3:      layout_basic, lemuel_blue_sif_altar, mainiacjoe_overflow_paths,
          serial_rivers, chequers_serial_rivers_micro_c,
          chequers_serial_rivers_marsh, chequers_serial_rivers_micro_d,
          chequers_serial_rivers_small_3, chequers_serial_rivers_micro_d,
          corexii_leaking_fountain, dreamdust_wishing_well,
          minmay_tree_intersection
D:4:      layout_cave_pools, mainiacjoe_overflow_24_doors, hangedman_decor_push,
          minmay_misc_feat_cross, skrybe_limestone_x, corexii_checkpoint_b,
          chequers_serial_rivers_small_3, kennysheep_flooded_box
D:5:      layout_basic, minmay_temple_entry_glass
D:6:      nicolae_cairo_tiling_large_dashed, layout_cave_pools, fedhas_altar_1,
          xom_butterflies, nicolae_overflow_hidden_temple,
          biasface_ghost_orc_armoury, hangedman_decor_slide_cut, uniq_maggie
D:7:      layout_cave_pools, mainiacjoe_overflow_alcove_1

Skill      XL: |  1  2  3  4  5  6  7 |
---------------+----------------------+-----
Axes           | 3 4 5 6 |  6.8
Fighting       | 4 5 6 |  6.2
Dodging        | 1 |  1.0
Armour         | 3 4 |  4.0
Shields        | 2 |  2.5

Action                     |  1- 3 |  4- 6 |  7- 9 || total
---------------------------+-------+-------+-------++-------
  Melee: Hand axe          |    83 |   202 |    78 ||   363
         Punch             |     1 |     3 |       ||     4
  Evoke: Wand              |       |     1 |     3 ||     4
         Piece from Xom's  |       |       |     1 ||     1
    Use: Scroll            |     3 |     4 |     8 ||    15
   Stab: Confused          |       |     1 |     1 ||     2
 Armour: Leather armour    |    40 |   117 |    27 ||   184
         Acid dragon scale |       |       |    18 ||    18
  Dodge: Dodged            |    43 |   139 |    48 ||   230
  Block: Kite shield       |       |       |    23 ||    23

Table legend: (Time is in decaauts)
 A = Elapsed time spent in this place.
 B = Non-inter-level travel time spent in this place.
 C = Inter-level travel time spent in this place.
 D = Time resting spent in this place.
 E = Time spent auto-exploring this place.
 F = Levels seen in this place.
 G = Mean time per level.
                   A        B        C        D        E       F      G
               +--------+--------+--------+--------+--------+-----+--------+
         Total |   4748 |   4651 |     97 |    122 |   3672 |   7 |  678.3 |
       Dungeon |   4748 |   4651 |     97 |    122 |   3672 |   7 |  678.3 |
               +--------+--------+--------+--------+--------+-----+--------+

Top non-repeatable levels by time:
     D:3: 953 daAuts
     D:5: 865 daAuts
     D:1: 852 daAuts
     D:4: 831 daAuts
     D:6: 690 daAuts
     D:2: 541 daAuts
     D:7: 14 daAuts
